 Dungeon Crawl Stone Soup version 0.29-a0-1065-g47a6bb87d6 (webtiles) character file.

Game seed: 2031598077153540075

451 inmateoo the Chopper (level 6, -3/47 HPs)
             Began as a Demonspawn Gladiator on Aug 19, 2022.
             Was an Elder of Fedhas.
             Killed by divine providence
             ... invoked by an orc priest
              (14 damage)
             ... on level 4 of the Dungeon.
             The game lasted 00:04:19 (3930 turns).

inmateoo the Chopper (Demonspawn Gladiator)         Turns: 3930, Time: 00:04:20

Health: -3/47      AC:  7    Str: 17    XL:     6   Next: 75%
Magic:  6/6        EV: 14    Int:  9    God:    Fedhas [****..]
Gold:   249        SH:  0    Dex: 14    Spells: 5/5 levels left

rFire   . . .      SeeInvis .   a - +0 war axe
rCold   . . .      Faith    .   (no shield)
rNeg    . . .      Spirit   .   k - +0 scale mail
rPois   .          Reflect  .   (helmet restricted)
rElec   .          Harm     .   (no cloak)
rCorr   .          Rampage  .   m - +0 pair of gloves
Will    .....                   (no boots)
Stlth   ..........              (no amulet)
HPRegen 0.15/turn               (no ring)
MPRegen 0.10/turn               (no ring)

@: no status effects
A: antennae 1, repulsion field 2
a: Renounce Religion, Wall of Briars, Grow Ballistomycete, Overgrow


You were on level 4 of the Dungeon.
You worshipped Fedhas.
Fedhas was greatly pleased with you.
You visited 1 branch of the dungeon, and saw 5 of its levels.
You also visited: Sewer.

You collected 249 gold pieces.

Inventory:

Hand Weapons
 a - a +0 war axe (weapon)
 n - the +5 mace "Jixzynlu" {freeze, rF+ Str+2}
   (You found it on level 4 of the Dungeon)

   It freezes those it strikes, dealing additional cold damage.
   It can also slow down cold-blooded creatures.
   Str:       It affects your strength (+2).
   rF:        It protects you from fire.
Missiles
 d - 2 throwing nets (quivered)
 e - a javelin
Armour
 k - a +0 scale mail (worn)
 m - a +0 pair of gloves (worn)
Wands
 i - a wand of polymorph (5)
 o - a wand of light (4)
Scrolls
 j - a scroll of fear
Potions
 b - a potion of invisibility
 c - a potion of might {unknown}
 f - 2 potions of berserk rage
 g - a potion of cancellation {unknown}
 h - 2 potions of curing {unknown}
 l - 2 potions of resistance
 p - a potion of mutation {unknown}


   Skills:
 + Level 3.6 Fighting
 * Level 4.8 Axes
 - Level 1.7 Throwing
 + Level 2.6 Armour
 + Level 3.9 Dodging


You had 5 spell levels left.
You didn't know any spells.
Your spell library contained the following spells:

 Spells                   Type           Power      Damage    Failure   Level
 Apportation              Tloc           0%         N/A       80%         1
 Necrotise                Necr           0%         1d4       80%         1
 Summon Small Mammal      Summ           0%         N/A       80%         1
 Gell's Gravitas          Tloc           0%         N/A       99%         3
 Ignite Poison            Fire/Tmut/Pois 0%         N/A       99%         3
 Lesser Beckoning         Tloc           0%         N/A       99%         3
 Mephitic Cloud           Conj/Pois/Air  0%         N/A       99%         3
 Portal Projectile        Hex/Tloc       0%         N/A       99%         3
 Teleport Other           Tloc           0%         N/A       99%         3
 Tukima's Dance           Hex            0%         N/A       99%         3
 Blade Hands              Tmut           0%         N/A       100%        5
 Freezing Cloud           Conj/Ice/Air   0%         6-21      100%        5
 Dispersal                Tloc           0%         N/A       100%        6


Dungeon Overview and Level Annotations

Branches:
Dungeon (5/15)              Sewer (visited)
 Temple: D:4-7

Altars:
Cheibriados
Fedhas
Nemelex Xobeh
Vehumet

Annotations:
D:1 1 transporter


Innate Abilities, Weirdness & Mutations

You have a pair of small antennae on your head.
You are surrounded by a moderate repulsion field. (EV +3)


Message History

You hit the ogre.
The ogre is heavily wounded.
The ogre hits you with a +0 giant spiked club!
* * * LOW HITPOINT WARNING * * *
Throw: 3 throwing nets
Press: ? - help, Q - select action, (/) - cycle Shift-Dir - straight line, f - ogre
Aim: an ogre, wielding a +0 giant spiked club (heavily wounded, 74% to hit)
You throw a throwing net. The throwing net hits the ogre.
The ogre is caught in the net!
The ogre is heavily wounded.
The ogre struggles against the net.
You slash the ogre!
The ogre is almost dead.
The ogre struggles against the net.
You slash the ogre!
You kill the ogre!
Fedhas appreciates your contribution to the ecosystem.
Something hits you.
* * * LOW HITPOINT WARNING * * *
You barely miss something. Something completely misses you.
You barely miss something. Something hits you.
* * * LOW HITPOINT WARNING * * *
You closely miss something. Something barely misses you.
Something hits you but does no damage.
You slash something! Something barely misses you.
The orc priest shouts!
You hit something.
You hear a shout!
Something hits you but does no damage.
You miss something.
The orc priest casts a cantrip, but nothing happens.
Something hits you but does no damage.
You miss something. Something hits you.
* * * LOW HITPOINT WARNING * * *
Something hits you but does no damage.
You miss something.
The orc priest calls down the wrath of Beogh upon you.
Beogh smites you!
You die...
Fedhas appreciates your contribution to the ecosystem.

.....##.##....####.###
.....#..###...####.###
.....#..# #...........
.....#..# ##...#......
....##..# ##.....#####
.....#..###..#.###
.....(......##.###
............##...###
............####@{.#
...........## ###o.#
##..(......# ..#
#.........### o#
######....).### ....
###..####.)†##.......
# #...## ###>....... .
# #...# ####.....
####...# ..O.


You could see an orc priest and an orc.

Vanquished Creatures
  An ogre (D:4)
  Blork the orc (D:4)
  A bullfrog (Sewer)
  A crimson imp (D:3)
  A gnoll (D:2)
  8 adders
  3 worms
  4 dart slugs
  5 orcs (D:4)
  4 bats
  3 endoplasms
  11 giant cockroaches
  4 goblins
  5 hobgoblins
  8 jackals
  7 quokkas
  6 ball pythons
  6 frilled lizards
  3 goblin skeletons (D:3)
  A goblin zombie (D:3)
  2 hobgoblin zombies (D:3)
  8 kobolds
  A kobold skeleton (D:3)
  A kobold zombie (D:3)
  2 orc skeletons (D:3)
  An orc zombie (D:3)
  4 rats (D:1)
102 creatures vanquished.

Notes
Turn   | Place    | Note
-------+----------+-------------------------------------------
     0 | D:1      | inmateoo the Demonspawn Gladiator began the quest for the
                  | Orb.
     0 | D:1      | Reached XP level 1. HP: 16/16 MP: 1/1
    81 | D:1      | Found a faded altar of an unknown god.
   396 | D:1      | Prayed at the altar of an unknown god.
   396 | D:1      | Became a worshipper of Fedhas Madash
   396 | D:1      | Reached * piety under Fedhas
   427 | D:1      | Gained mutation: You are surrounded by a mild repulsion
                  | field. (EV +2) [demonic ancestry]
   427 | D:1      | Reached XP level 2. HP: 22/22 MP: 2/2
   495 | D:1      | Reached skill level 3 in Axes
   969 | D:2      | Gained mutation: You are surrounded by a moderate repulsion
                  | field. (EV +3) [demonic ancestry]
   969 | D:2      | Reached XP level 3. HP: 27/28 MP: 3/3
   992 | D:2      | Reached skill level 1 in Armour
  1204 | D:2      | Identified the +2 robe of Wrong Decisions {rCorr Stlth+}
  1981 | D:2      | Reached ** piety under Fedhas
  2344 | D:3      | Found a snail-covered altar of Cheibriados.
  2402 | D:3      | Gained mutation: You have a pair of small antennae on your
                  | head. [demonic ancestry]
  2402 | D:3      | Reached XP level 4. HP: 34/34 MP: 4/4
  2487 | D:3      | Found a radiant altar of Vehumet.
  2865 | D:4      | Reached XP level 5. HP: 40/40 MP: 5/5
  2866 | D:4      | Identified the +5 mace "Jixzynlu" {freeze, rF+ Str+2}
  2881 | D:4      | Noticed Blork the orc
  2889 | D:4      | Killed Blork the orc
  2890 | D:4      | Reached skill level 4 in Axes
  2890 | D:4      | Found a sparkling altar of Nemelex Xobeh.
  2991 | D:4      | Noticed an ogre
  2993 | D:5      | Entered Level 5 of the Dungeon
  3009 | D:5      | Reached *** piety under Fedhas
  3159 | D:4      | Found a glowing drain.
  3178 | Sewer    | Entered a sewer
  3378 | Sewer    | Reached XP level 6. HP: 47/47 MP: 6/6
  3640 | Sewer    | Reached **** piety under Fedhas
  3930 | D:4      | Killed from afar by an orc priest

Illustrated notes

Levels and vault maps discovered:
D:1:      spicycebolla_arrival_risky_transporter, layout_basic,
          hellmonk_ecumenical_altar_crossroads
D:2:      layout_basic, kennysheep_path_1, st_stairs_13,
          chequers_serial_rivers_small_a
D:3:      layout_loops_cross, nicolae_vehumet_altar_sigil, lemuel_tele_altar,
          nicolae_tso_besieged_by_evil
D:4:      layout_rooms, nemelex_altar_shiori, gup_sewer_entry_bowl, uniq_edmund,
          uniq_blork_the_orc
D:5:      layout_gridville, minmay_temple_entry_statues_pillars

Skill      XL: |  1  2  3  4  5 |
---------------+----------------+-----
Axes           | 3 4 |  4.8
Armour         | 1 2 |  2.6
Dodging        | 3 |  3.9
Fighting       | 3 |  3.6
Throwing       | |  1.7

Action                   |  1- 3 |  4- 6 || total
-------------------------+-------+-------++-------
Melee: War axe           |   103 |   185 ||   288
       Punch             |     1 |     1 ||     2
Throw: Throwing net      |     1 |     1 ||     2
  Use: Scroll            |     5 |     3 ||     8
 Stab: Sleeping          |     1 |       ||     1
Armor: Leather armour    |    29 |       ||    29
       Scale mail        |     2 |    77 ||    79
Dodge: Dodged            |    81 |   161 ||   242

Table legend: (Time is in decaauts)
 A = Elapsed time spent in this place.
 B = Non-inter-level travel time spent in this place.
 C = Inter-level travel time spent in this place.
 D = Time resting spent in this place.
 E = Time spent auto-exploring this place.
 F = Levels seen in this place.
 G = Mean time per level.
                   A        B        C        D        E       F      G
               +--------+--------+--------+--------+--------+-----+--------+
         Total |   4124 |   4063 |     61 |    933 |   2026 |   6 |  687.3 |
       Dungeon |   3375 |   3314 |     61 |    688 |   1846 |   5 |  675.0 |
         Sewer |    748 |    748 |      0 |    245 |    179 |   1 |  748.0 |
               +--------+--------+--------+--------+--------+-----+--------+

Top non-repeatable levels by time:
     D:2: 1261 daAuts
     D:1: 961 daAuts
   Sewer: 748 daAuts
     D:3: 660 daAuts
     D:4: 407 daAuts
     D:5: 84 daAuts
